 Dungeon Crawl Stone Soup version 0.28-a0-697-g47f3eba078 (webtiles) character file.

Game seed: 5501358656103018465

48 bellsore the Digger (level 3, -2/19 HPs)
             Began as a Gargoyle Earth Elementalist on Oct 24, 2021.
             Slain by a scorpion (6 damage)
             ... on level 3 of the Dungeon.
             The game lasted 00:04:12 (2418 turns).

bellsore the Digger (Gargoyle Earth Elementalist)   Turns: 2418, Time: 00:04:13

Health: -2/19      AC:  6    Str: 11    XL:     3   Next: 72%
Magic:  2/7        EV: 11    Int: 16    God:
Gold:   189        SH:  0    Dex: 10    Spells: 3/7 levels left

rFire   . . .      SeeInvis .   f - +1 dagger (venom)
rCold   . . .      Faith    .   (no shield)
rNeg    + . .      Spirit   .   b - +1 robe
rPois   ∞          Reflect  .   (no helmet)
rElec   +          Harm     .   (no cloak)
rCorr   .          Rampage  .   (no gloves)
Will    .....                   (no boots)
Stlth   ++........              (no amulet)
HPRegen 0.06/turn               (no ring)
MPRegen 0.10/turn               (no ring)

@: attractive
A: sickness immunity, AC +3, negative energy resistance 1, electricity
resistance, torment resistance 1, petrification resistance
a: no special abilities


You were on level 3 of the Dungeon.
You visited 1 branch of the dungeon, and saw 3 of its levels.

You collected 189 gold pieces.

Inventory:

Hand Weapons
 e - a +0 dagger
 f - a +1 dagger of venom (weapon)
Missiles
 c - 84 stones
Armour
 b - a +1 robe (worn)
Magical Staves
 h - a staff of death
Jewellery
 l - a ring of protection from fire
Potions
 i - a potion of flight {unknown}
 k - a potion of heal wounds {unknown}
 m - 2 potions of curing {unknown}
 o - a potion of haste {unknown}
 p - a potion of lignification {unknown}
 s - 2 potions of mutation {unknown}


   Skills:
 - Level 1.5 Dodging
 - Level 2.1 Stealth
 + Level 2.6 Spellcasting
 + Level 1.9 Conjurations
 - Level 0.7 Transmutations
 + Level 4.3 Earth Magic


You had 3 spell levels left.
You knew the following spells:

 Your Spells              Type           Power      Damage    Failure   Level
a - Sandblast             Erth           32%        2d9       3%          1
b - Stone Arrow           Conj/Erth      24%        3d8       16%         3

Your spell library contained the following spells:

 Spells                   Type           Power      Damage    Failure   Level
 Passwall                 Tmut/Erth      8%         N/A       11%         2
 Wereblood                Tmut           4%         N/A       22%         2
 Petrify                  Tmut/Erth      10%        N/A       56%         4
 Summon Hydra             Summ           1%         N/A       100%        7
 Sublimation of Blood     Necr           Unusable   N/A       N/A         2

Dungeon Overview and Level Annotations

Branches:
Dungeon (3/15)

Altars:
Sif Muna


Innate Abilities, Weirdness & Mutations

You are immune to sickness and miasma.
Your stone body is resilient. (AC +3)
You are immune to poison.
You resist negative energy. (rN+)
You are resistant to electric shocks. (rElec)
You are resistant to unholy torment.
You are immune to petrification.


Message History

Aim: a scorpion (79% to hit)
The blast of sand misses the scorpion.
The scorpion stings you. The scorpion stings you.
Your magical contamination has completely faded away.
The scorpion stings you.
As you read the scroll labelled QAZUPT LIVYN, it crumbles to dust.
You speak a Word of immense power!
It was a scroll of holy word.
The scorpion completely misses you.
As you read the scroll labelled LANUISAGEJ, it crumbles to dust.
It is a scroll of enchant armour.
Your +0 robe glows green for a moment.
The scorpion stings you.
The scorpion stings you but does no damage.
As you read the scroll labelled RAFYMI XOQAESS, it crumbles to dust.
You hear a loud clanging noise!
It was a scroll of noise.
The scorpion stings you but does no damage.
Unknown command.
As you read the scroll labelled FEBYAC FOU, it crumbles to dust.
The scroll dissolves into smoke.
It was a scroll of fog.
The scorpion stings you.
Unknown command.
The scorpion stings you.
* * * LOW HITPOINT WARNING * * *
You aren't carrying any scrolls.
Unknown command.
It was a potion of attraction.
You feel attractive to monsters. The scorpion stings you.
* * * LOW HITPOINT WARNING * * *
Unknown command.
It was a potion of resistance.
You feel protected.
The scorpion stings you but does no damage.
Unknown command.
It was a potion of cancellation.
Your magical effects are unravelling.
You feel magically purged.
Your resistance to elements expires.
The scorpion stings you.
You die...

###.#..# #.### #......#
#.# #.#.#..# #§# #†#.#..#
#§# #.#.#.># #§#
#......###§#######
###.#...§§§§......
#.#.####s####### #.#.# #@#
#.#.# #.###### #.#.# #..
...# #.#.# ######.##
#.#.## ##...##
#....######..#..#########
##...........###..........
#..<.....##...#..#########
##.....#.##.#......#


You could see a scorpion.

Vanquished Creatures
  An adder (D:2)
  4 ball pythons
  A bat (D:1)
  6 endoplasms
  A giant cockroach (D:2)
  A goblin (D:3)
  6 hobgoblins
  2 jackals (D:2)
  2 quokkas (D:3)
  3 frilled lizards
  4 kobolds
  4 rats
  A toadstool (D:1)
36 creatures vanquished.

Vanquished Creatures (others)
  8 toadstools (D:1)
8 creatures vanquished.

Grand Total: 44 creatures vanquished

Notes
Turn   | Place    | Note
-------+----------+-------------------------------------------
     0 | D:1      | bellsore the Gargoyle Earth Elementalist began the quest
                  | for the Orb.
     0 | D:1      | Reached XP level 1. HP: 10/10 MP: 3/3
     2 | D:1      | Found a faded altar of an unknown god.
   326 | D:1      | Reached XP level 2. HP: 15/15 MP: 5/5
   380 | D:1      | Reached skill level 1 in Conjurations
   847 | D:2      | Reached skill level 4 in Earth Magic
   961 | D:2      | Reached XP level 3. HP: 12/19 MP: 6/6
  1074 | D:2      | Learned a level 3 spell: Stone Arrow
  1463 | D:2      | Found a shimmering blue altar of Sif Muna.
  2394 | D:3      | Noticed a scorpion
  2418 | D:3      | Slain by a scorpion

Illustrated notes

Levels and vault maps discovered:
D:1:      ldierk_walled_garden_2, layout_basic, basic_ecumenical_altar,
          hex_large, minmay_gold_behind_fungi
D:2:      layout_loops_cross, basic_altar, minivault_19
D:3:      layout_loops_ring, nicolae_overflow_crystal_walls

Skill      XL: |  1  2 |
---------------+-------+-----
Conjurations   | 1 |  1.9
Earth Magic    | 4 |  4.3
Dodging        | |  1.5
Stealth        | |  2.1
Spellcasting   | |  2.6
Transmutations | |  0.7

Action                   || total
-------------------------++-------
Melee: Dagger            ||   111
 Cast: Sandblast         ||     3
       Stone Arrow       ||     1
  Use: Scroll            ||     4
       Potion            ||     3
 Stab: Sleeping          ||     3
Armor: Robe              ||    29
Dodge: Dodged            ||    52

Table legend: (Time is in decaauts)
 A = Elapsed time spent in this place.
 B = Non-inter-level travel time spent in this place.
 C = Inter-level travel time spent in this place.
 D = Time resting spent in this place.
 E = Time spent auto-exploring this place.
 F = Levels seen in this place.
 G = Mean time per level.
                   A        B        C        D        E       F      G
               +--------+--------+--------+--------+--------+-----+--------+
         Total |   2416 |   2352 |     64 |    457 |   1570 |   3 |  805.3 |
       Dungeon |   2416 |   2352 |     64 |    457 |   1570 |   3 |  805.3 |
               +--------+--------+--------+--------+--------+-----+--------+

Top non-repeatable levels by time:
     D:2: 1237 daAuts
     D:1: 687 daAuts
     D:3: 491 daAuts
